 Dungeon Crawl Stone Soup version 0.31-a0-344-gd109795599 (webtiles) character file.

Game seed: 12677858797140317754

115 GordonOverkill the Insei (level 5, 0/32 HPs)
             Began as a Kobold Shapeshifter on July 21, 2023.
             Slain by an orc
             ... wielding a +0 hand axe
              (1 damage)
             ... on level 3 of the Dungeon.
             The game lasted 00:08:49 (2637 turns).

GordonOverkill the Insei (Kobold Shapeshifter)      Turns: 2637, Time: 00:08:50

Health: 0/32       AC:  2    Str: 14    XL:     5   Next: 20%
Magic:  5/5        EV: 15    Int: 10    God:
Gold:   58         SH:  0    Dex: 15    Spells: 4/4 levels left

rFire   . .          .
                       - Unarmed
rCold   . . .        (no shield)
rNeg    . . .        a - +0 animal skin
rPois   .            (helmet currently unavailable)
rElec   .            (cloak currently unavailable)
rCorr   .            (gloves currently unavailable)
SInv    .            (boots currently unavailable)
Will    .....        (no amulet)
Stlth   ++           f - ring of flight
HPRegen 0.25/turn    (no ring)
MPRegen 0.09/turn

%: no passive effects
@: beast-form, flying, invisible
A: beast (slay +2), small, no large weapons, nightstalker 3
a: Begin Untransformation


You were on level 3 of the Dungeon.
You were a hulking beast.
You visited 1 branch of the dungeon, and saw 3 of its levels.

You collected 58 gold pieces.

Inventory:

Armour
 a - a +0 animal skin (worn)
 k - a +0 pair of gloves
Jewellery
 e - an amulet of magic regeneration
 f - a ring of flight (left hand)
Talismans
 c - a beast talisman
Scrolls
 g - a scroll of noise {unknown}
 h - a scroll of vulnerability {unknown}
 i - a scroll of blinking {unknown}
 j - a scroll of fog {unknown}
Potions
 b - a potion of lignification


   Skills:
 + Level 2.8 Fighting
 - Level 3.0 Dodging
 + Level 3.9 Unarmed Combat
 + Level 3.6 Shapeshifting


You had 4 spell levels left.
You didn't know any spells.
Your spell library contained the following spells:

 Spells                   Type           Power      Damage    Failure   Level
 Apportation              Tloc           0%         N/A       36%         1
 Necrotise                Necr           0%         1d4       36%         1
 Summon Small Mammal      Summ           0%         N/A       36%         1
 Ensorcelled Hibernation  Hex/Ice        0%         N/A       50%         2
 Anguish                  Hex/Necr       0%         N/A       98%         4


Dungeon Overview and Level Annotations

Branches:
Dungeon (3/15)

Altars:
Sif Muna

Shops:
D:1 ([!   D:2 **[

Annotations:
D:3 exclusion: door


Innate Abilities, Weirdness & Mutations

You are a hulking beast.
Your limbs bulge with bestial killing power. (Slay +2)
You are small and have problems with some larger weapons.
You are completely attuned to the shadows.


Message History

You hear a shout!
An orc comes into view. It is wielding a +0 hand axe.
The orc wizard misses you. The orc hits you with a +0 club.
You hit the orc wizard.
The orc wizard is severely wounded.
The orc wizard hits you with a +0 dagger.
The orc closely misses you.
You closely miss the orc wizard.
The orc wizard is severely wounded.
The orc wizard misses you. The orc hits you with a +0 club.
You closely miss the orc wizard.
The orc wizard is severely wounded.
The orc wizard hits you with a +0 dagger.
The orc hits you with a +0 club.
You miss the orc wizard.
The orc wizard is severely wounded.
The orc wizard misses you. The orc hits you with a +0 club.
* * * LOW HITPOINT WARNING * * *
The orc misses you.
You closely miss the orc wizard.
The orc wizard is severely wounded.
The orc wizard points at you and mumbles some strange words.
The magic dart hits you.
* * * LOW HITPOINT WARNING * * *
The orc misses you. The orc hits you with a +0 hand axe.
* * * LOW HITPOINT WARNING * * *
You closely miss the orc wizard.
The orc wizard is severely wounded.
The orc wizard hits you but does no damage.
The orc hits you but does no damage. The orc closely misses you.
You fade into invisibility!
The orc wizard hits you with a +0 dagger.
* * * LOW HITPOINT WARNING * * *
The orc misses you. The orc hits you with a +0 hand axe.
* * * LOW HITPOINT WARNING * * *
You hit the orc wizard.
The orc wizard is severely wounded.
The orc wizard misses you. The orc misses you.
The orc hits you with a +0 hand axe.
You die...

#.##.#
#....#
#.##.#
#.<#.#
.....#
##...#
#####(#
##.##
####.# .#
. ....$#
.#
...###.##
#.##...#
#.oho....
####o..###
##.## .# #


You could see an orc wizard (unable to see you) and 2 orcs.

Vanquished Creatures
  5 adders (D:2)
  2 worms (D:2)
  2 dart slugs
  7 bats
  3 endoplasms
  2 giant cockroaches (D:1)
  5 goblins
  6 hobgoblins
  8 jackals (D:1)
  5 kobolds
  2 quokkas (D:2)
  A ball python (D:2)
  4 frilled lizards
  5 rats
57 creatures vanquished.

Notes
Turn   | Place    | Note
-------+----------+-------------------------------------------
     0 | D:1      | GordonOverkill the Kobold Shapeshifter began the quest for
                  | the Orb.
     0 | D:1      | Reached XP level 1. HP: 12/12 MP: 1/1
   233 | D:1      | Reached XP level 2. HP: 16/16 MP: 2/2
   318 | D:1      | Found Xuestues's Distillery.
   660 | D:1      | Reached XP level 3. HP: 16/21 MP: 3/3
   731 | D:1      | Found Jopt's Weapon Shop.
   987 | D:1      | Found Agaasas's Antique Armour Emporium.
  1269 | D:2      | Found Lifricw's Assorted Antiques.
  1358 | D:2      | Reached XP level 4. HP: 23/26 MP: 4/4
  1560 | D:2      | Found Viank's Antique Armour Shop.
  2074 | D:2      | Reached XP level 5. HP: 27/31 MP: 5/5
  2140 | D:2      | Found Ajuveotze's General Store.
  2590 | D:3      | Found a shimmering blue altar of Sif Muna.
  2636 | D:3      | HP: 1/32 [orc/+0 hand axe (6)]
  2637 | D:3      | Slain by an orc

Illustrated notes

Levels and vault maps discovered:
D:1:      amcnicky_arrival_gap_in_the_tavern_cellar, layout_basic, serial_shops,
          shop, shop, shop, minivault_19, st_stairs_7, minmay_misc_feat_five
D:2:      layout_loops_corners, serial_shops, shop, shop, nicolae_shop_peninsula
D:3:      layout_loops_ring, led_sif_book, minmay_randomly_rotated_circles,
          uniq_jessica, uniq_terence

Skill      XL: |  1  2  3 |
---------------+----------+-----
Dodging        | 3 |  3.0
Fighting       | 2 |  2.8
Unarmed Combat | |  3.9
Shapeshifting  | |  3.6

Action                     |  1- 3 |  4- 6 || total
---------------------------+-------+-------++-------
  Melee: Unarmed           |   117 |    83 ||   200
         Punch             |     1 |     1 ||     2
    Use: Scroll            |     2 |       ||     2
         Potion            |       |     1 ||     1
   Stab: Sleeping          |     7 |     5 ||    12
 Armour: Animal skin       |    13 |    12 ||    25
  Dodge: Dodged            |    84 |    56 ||   140
         Form:             |     1 |       ||     1
         Beast             |     1 |       ||     1

Table legend: (Time is in decaauts)
 A = Elapsed time spent in this place.
 B = Non-inter-level travel time spent in this place.
 C = Inter-level travel time spent in this place.
 D = Time resting spent in this place.
 E = Time spent auto-exploring this place.
 F = Levels seen in this place.
 G = Mean time per level.
                   A        B        C        D        E       F      G
               +--------+--------+--------+--------+--------+-----+--------+
         Total |   2624 |   2581 |     43 |    271 |   1448 |   3 |  874.7 |
       Dungeon |   2624 |   2581 |     43 |    271 |   1448 |   3 |  874.7 |
               +--------+--------+--------+--------+--------+-----+--------+

Top non-repeatable levels by time:
     D:2: 1269 daAuts
     D:1: 1230 daAuts
     D:3: 124 daAuts
